 Dungeon Crawl Stone Soup version 0.27-a0-242-ge0fc76b88b (webtiles) character file.

Game seed: 7593296655287107428

84 Borgoz the Slasher (level 4, -8/37 HPs)
             Began as a Ghoul Gladiator on Feb 2, 2021.
             Killed from afar by an orc wizard (10 damage)
             ... with a magic dart
             ... on level 3 of the Dungeon.
             The game lasted 00:01:31 (2526 turns).

Borgoz the Slasher (Ghoul Gladiator)                Turns: 2526, Time: 00:01:32

Health: -8/37      AC:  4    Str: 17    XL:     4   Next: 45%
Magic:  3/3        EV: 13    Int:  3    God:
Gold:   186        SH:  0    Dex: 11    Spells: 3/3 levels left

rFire    . . .     SeeInvis .   a - +0 long sword
rCold    + . .     Faith    .   (no shield)
rNeg     + + +     Spirit   .   b - +0 leather armour
rPois    ∞         Reflect  .   c - +0 helmet
rElec    .         Harm     .   (no cloak)
rCorr    .         Rampage  .   (no gloves)
Will     .....                  (no boots)
Stlth    +.........             (no amulet)
HPRegen  0.00/turn              (no ring)
MPRegen  0.08/turn              (no ring)

@: confused, hasted, very quick
A: claws 1, cold resistance 1, negative energy resistance 3, inhibited
regeneration, torment resistance, unbreathing
a: no special abilities


You were on level 3 of the Dungeon.
You visited 1 branch of the dungeon, and saw 3 of its levels.

You collected 186 gold pieces.

Inventory:

Hand Weapons
 a - a +0 long sword (weapon)
Missiles
 d - 3 throwing nets (quivered)
Armour
 b - a +0 leather armour (worn)
 c - a +0 helmet (worn)
Wands
 j - a wand of random effects (4)
 k - a wand of paralysis (8)
Scrolls
 g - a scroll of identify {unknown}
 h - 2 scrolls of enchant weapon {unknown}
Potions
 f - a potion of lignification {unknown}
 i - a potion of might {unknown}


   Skills:
 + Level 2.8 Fighting
 * Level 3.4 Long Blades
 - Level 1.7 Throwing
 + Level 1.2 Armour
 * Level 3.4 Dodging


You had 3 spell levels left.
You didn't know any spells.
Your spell library was empty.

Dungeon Overview and Level Annotations

Branches:
Dungeon (3/15)

Altars:


Innate Abilities, Weirdness & Mutations

You thrive by killing the living.
You are immune to poison.
You have sharp fingernails.
Your flesh is cold resistant. (rC+)
You are immune to negative energy. (rN+++)
You do not regenerate when monsters are visible.
You are immune to unholy pain and torment.
You can survive without breathing.


Message History

You hear some strange, mumbled words.
You are confused.
You are too confused!
You barely miss something.
You hear some strange, mumbled words.
A magic dart appears from out of thin air!
The magic dart hits you.
You bump into the rock wall.
Something hits you but does no damage.
Okay, then.
You closely miss something. Something hits you.
You bump into the rock wall.
You hear some strange, mumbled words.
A puff of flame appears from out of thin air!
The puff of flame hits you!
* * * LOW HITPOINT WARNING * * *
It was a potion of haste.
You feel yourself speed up.
You hear some strange, mumbled words.
A magic dart appears from out of thin air!
The magic dart hits you!
You die...

.... ..# ..# .o#
#o# #g# #{#
#########@######
#................
#.#######.#######
#.# #.# # ##.##
#.# #.##...## #.#
#.#.....## #.[
##........## ###
#..........#


You could see 2 orcs and a hobgoblin.

Vanquished Creatures
  2 adders (D:2)
  An ooze (D:2)
  A worm (D:3)
  A dart slug (D:2)
  3 leopard geckos
  An orc (D:3)
  3 giant cockroaches
  5 goblins (D:2)
  7 hobgoblins
  6 jackals (D:2)
  7 kobolds
  4 bats
  2 frilled lizards
  4 rats
47 creatures vanquished.

Notes
Turn   | Place    | Note
-------+----------+-------------------------------------------
     0 | D:1      | Borgoz the Ghoul Gladiator began the quest for the Orb.
     0 | D:1      | Reached XP level 1. HP: 17/17 MP: 0/0
   380 | D:1      | Reached XP level 2. HP: 15/25 MP: 1/1
  1084 | D:2      | Reached XP level 3. HP: 30/30 MP: 2/2
  1362 | D:2      | Reached skill level 1 in Armour
  1644 | D:2      | Reached XP level 4. HP: 16/37 MP: 3/3
  2526 | D:3      | Killed from afar by an orc wizard

Illustrated notes

Levels and vault maps discovered:
D:1:      dpeg_arrival_shelter, layout_loops_corners, minmay_tree_intersection
D:2:      layout_loops_cross, minivault_5
D:3:      minmay_bubble_buster, layout_loops_ring

Skill      XL: |  1  2  3 |
---------------+----------+-----
Dodging        | 3 |  3.4
Long Blades    | 3 |  3.4
Armour         | 1 |  1.2
Fighting       | |  2.8
Throwing       | |  1.7

Action                   |  1- 3 |  4- 6 || total
-------------------------+-------+-------++-------
Melee: Long sword        |   106 |    59 ||   165
  Use: Potion            |       |     1 ||     1
Armor: Leather armour    |    38 |    15 ||    53
Dodge: Dodged            |    95 |    28 ||   123
       Rpst.: Long sword |    33 |    10 ||    43

Table legend: (Time is in decaauts)
 A = Elapsed time spent in this place.
 B = Non-inter-level travel time spent in this place.
 C = Inter-level travel time spent in this place.
 D = Time resting spent in this place.
 E = Time spent auto-exploring this place.
 F = Levels seen in this place.
 G = Mean time per level.
                   A        B        C        D        E       F      G
               +--------+--------+--------+--------+--------+-----+--------+
         Total |   2565 |   2514 |     51 |    532 |   1634 |   3 |  855.0 |
       Dungeon |   2565 |   2514 |     51 |    532 |   1634 |   3 |  855.0 |
               +--------+--------+--------+--------+--------+-----+--------+

Top non-repeatable levels by time:
     D:2: 1283 daAuts
     D:1: 1080 daAuts
     D:3: 201 daAuts
